 Dungeon Crawl Stone Soup version 0.27-a0-531-gb72ec1a1b6 (webtiles) character file.

Game seed: 17462659836806067020

18 silas012 the Shooter (level 2, 27/27 HPs)
             Began as a Troll Hunter on Mar 6, 2021.
             Quit the game on level 1 of the Dungeon.
             The game lasted 00:13:18 (780 turns).

silas012 the Shooter (Troll Hunter)                  Turns: 780, Time: 00:13:18

Health: 27/27      AC:  4    Str: 19    XL:     2   Next: 51%
Magic:  1/1        EV:  7    Int:  7    God:
Gold:   48         SH:  7    Dex: 10    Spells: 1/1 levels left

rFire    . . .     SeeInvis .   l - +0 dagger
rCold    . . .     Faith    .   g - +0 kite shield
rNeg     . . .     Spirit   .   c - +0 robe
rPois    .         Reflect  .   (helmet restricted)
rElec    .         Harm     .   (no cloak)
rCorr    .         Rampage  .   (gloves unavailable)
Will     .....                  (boots unavailable)
Stlth    +.........             (no amulet)
HPRegen  1.09/turn              (no ring)
MPRegen  0.07/turn              (no ring)

@: no status effects
A: large, unfitting armour, claws 3, regeneration 1, shaggy fur 1, tough skin 1
a: no special abilities


You were on level 1 of the Dungeon.
You visited 1 branch of the dungeon, and saw 1 of its levels.

You collected 48 gold pieces.

Inventory:

Hand Weapons
 a - a +1 shortbow
 b - a +0 short sword
 l - a +0 dagger (weapon)
 n - a +0 club
 o - a +0 whip
Missiles
 d - 19 arrows
 h - 40 stones (quivered)
 m - 11 poisoned darts
Armour
 c - a +0 robe (worn)
 g - a +0 kite shield (worn)
 k - a +0 leather armour
Scrolls
 e - 2 scrolls of identify {unknown}
 f - a scroll of amnesia {unknown}
 j - a scroll of magic mapping {unknown}
Potions
 i - a potion of flight {unknown}


   Skills:
 + Level 1.6 Fighting
 + Level 0.1 Short Blades
 + Level 3.0 Bows
 + Level 1.7 Dodging
 + Level 0.4 Stealth
 + Level 0.2 Shields


You had one spell level left.
You didn't know any spells.
Your spell library was empty.

Dungeon Overview and Level Annotations

Branches:
Dungeon (1/15)

Altars:


Innate Abilities, Weirdness & Mutations

You are too large for most types of armour.
You have claws for hands.
Your natural rate of healing is unusually fast.
You are covered in fur. (AC +1)
You have tough skin. (AC +1)


Message History

Unknown command.
Describe a (M)onster, (S)pell, s(K)ill, (A)bility, (C)ard, (I)tem, (F)eature, (G)od, (B)ranch, c(L)oud or s(T)atus?
Okay, then.
Unknown command.
There is a staircase leading out of the dungeon here.
There's nothing to close nearby.
There's nothing to close nearby.
There's nothing to open nearby.
There is an open door here.
A kobold comes into view. It is wielding a +0 whip.
The kobold shouts!
You hear a shout!
The kobold throws a stone.
You block the stone.
A hobgoblin comes into view. It is wielding a +0 club.
The kobold hits you but does no damage.
You hit the hobgoblin.
The hobgoblin is heavily wounded.
You block the kobold's attack. The hobgoblin barely misses you.
You hit the hobgoblin.
The hobgoblin is almost dead.
The kobold closely misses you. The hobgoblin barely misses you.
You hit the hobgoblin.
You kill the hobgoblin!
You block the kobold's attack. The kobold hits you but does no damage.
You barely miss the kobold. You block the kobold's attack.
You barely miss the kobold. The kobold hits you with a +0 whip.
You hit the kobold but do no damage. The kobold completely misses you.
The kobold misses you.
You closely miss the kobold. You block the kobold's attack.
You hit the kobold.
You kill the kobold!
No target in view!
You see here a +0 club.
n - a +0 club
h - 40 stones (gained 1)
Things that are here:
a +0 whip; a kobold corpse
o - a +0 whip Unknown command.
Unknown command.
Are you sure you want to abandon this character and quit the game? (Confirm with "yes".)

#........#.....#.####
#...##...#.#####.#..
#..####..#.....#.#.#
#..####..#..##.#.#.#.##.#
#...##...#..#....†......#
.........#..####.#.#.####
........##.......#.#
#..#######.#####.#.#
#<.#######......@..#
........############
.........# #...##...#
#..####..# #..####..#
#...##...# #........#
##......'##


There were no monsters in sight!

Vanquished Creatures
  A dart slug (D:1)
  A giant cockroach (D:1)
  2 goblins (D:1)
  A hobgoblin (D:1)
  4 jackals (D:1)
  3 bats (D:1)
  2 frilled lizards (D:1)
  A kobold (D:1)
  A rat (D:1)
16 creatures vanquished.

Notes
Turn   | Place    | Note
-------+----------+-------------------------------------------
     0 | D:1      | silas012 the Troll Hunter began the quest for the Orb.
     0 | D:1      | Reached XP level 1. HP: 19/19 MP: 0/0
   187 | D:1      | Reached skill level 3 in Bows
   233 | D:1      | Reached XP level 2. HP: 27/27 MP: 1/1
   780 | D:1      | Quit the game

Illustrated notes

Levels and vault maps discovered:
D:1:      minmay_arrival_four_loops, layout_basic

Skill      XL: |  1 |
---------------+----+-----
Bows           | 3 |  3.0
Fighting       | |  1.6
Short Blades   | |  0.1
Dodging        | |  1.7
Stealth        | |  0.4
Shields        | |  0.2

Action                   || total
-------------------------++-------
Melee: Short sword       ||    79
       Shortbow          ||    11
       Dagger            ||     8
 Fire: Shortbow          ||     6
Armor: Robe              ||    92
Dodge: Dodged            ||    70
Block: Kite shield       ||    58

Table legend: (Time is in decaauts)
 A = Elapsed time spent in this place.
 B = Non-inter-level travel time spent in this place.
 C = Inter-level travel time spent in this place.
 D = Time resting spent in this place.
 E = Time spent auto-exploring this place.
 F = Levels seen in this place.
 G = Mean time per level.
                   A        B        C        D        E       F      G
               +--------+--------+--------+--------+--------+-----+--------+
         Total |    815 |    404 |    411 |      0 |    151 |   1 |  815.0 |
       Dungeon |    815 |    404 |    411 |      0 |    151 |   1 |  815.0 |
               +--------+--------+--------+--------+--------+-----+--------+

Top non-repeatable levels by time:
     D:1: 815 daAuts
